Unix NetHack Version 3.7.0-86 Work-in-progress - last build May 30 2023 11:53:40 (cc98dc9aa62a9957b082a042edf5bd7ec9f632c7,branch:master). Game began 2023-06-27 17:11:34, ended 2023-06-27 17:39:58. UmberConductor, lawful female human Knight --- --- ------ ..-- |..--....-- ..-- |.........| -..---- ..... | --...).)...| |..... -..........@a%..----..<- |.................|...-- |...................h.| --.|........|...)....-- ----.....----.......| |..... --...)..| --...- ...------ .... ...--- ..h.. ---- ----- UmberConductor the Esquire St:15 Dx:11 Co:13 In:8 Wi:14 Ch:18 Lawful S:1422 Dlvl:4 $:86 HP:0(36) Pw:24(24) AC:3 Xp:5/279 T:2726 Burdened Latest messages: The giant ant bites! You miss the giant ant. The giant ant bites! You miss the giant ant. The giant ant bites! The giant ant bites! Are you sure you want to pray? y You begin praying to Lugh. You are surrounded by a shimmering light. The giant ant starts to attack you, but pulls back. The giant ant starts to attack you, but pulls back. The giant ant starts to attack you, but pulls back. The giant ant starts to attack you, but pulls back. The giant ant starts to attack you, but pulls back. You finish your prayer. You feel that Lugh is well-pleased. You feel much better. The giant ant bites! You miss the giant ant. The giant ant misses! The giant ant misses! You miss the giant ant. The giant ant bites! The giant ant bites! You miss the giant ant. The giant ant misses! The giant ant just misses! The giant ant bites! You miss the giant ant. The giant ant bites! You hit the giant ant. The giant ant bites! You miss the giant ant. The giant ant bites! The giant ant bites! The giant ant bites! The giant ant bites! You miss the giant ant. The giant ant bites! The giant ant bites! You miss the giant ant. The giant ant bites! You miss the giant ant. The giant ant misses! The giant ant misses! The giant ant bites! You hit the giant ant! The giant ant bites! You die... Do you want to see the dungeon overview? q Inventory: Coins ('$') $ - 86 gold pieces Weapons (')') a - an uncursed +1 long sword (weapon in hand) b - an uncursed +1 lance (alternate weapon; not wielded) y - a blessed +1 dagger (at the ready) B - 3 uncursed +0 arrows C - a blessed +0 bow Armor ('[') c - an uncursed +1 ring mail (being worn) d - a blessed +0 helmet (being worn) e - an uncursed +0 small shield (being worn) f - an uncursed +0 pair of leather gloves (being worn) v - an uncursed +0 pair of low boots Comestibles ('%') g - an uncursed apple h - 11 uncursed carrots r - 2 uncursed cram rations D - an uncursed food ration M - 2 uncursed tins of stir fried gecko meat Tools ('(') s - an uncursed oil lamp t - an uncursed tin whistle z - an uncursed wooden harp P - an uncursed can of grease (0:12) S - an uncursed tallow candle T - an uncursed bag of holding containing 13 items Contents of the bag of holding: an uncursed scroll of food detection an uncursed scroll of remove curse an uncursed scroll of teleportation an uncursed potion of water an uncursed jade stone an uncursed worthless piece of black glass an uncursed worthless piece of blue glass an uncursed worthless piece of green glass an uncursed worthless piece of orange glass an uncursed worthless piece of red glass 2 uncursed worthless pieces of violet glass a cursed worthless piece of yellow glass 3 uncursed worthless pieces of yellowish brown glass UmberConductor the Knight's attributes: Background: You were an Esquire, a level 5 female human Knight. You were lawful, on a mission for Lugh who was opposed by Brigit (neutral) and Manannan Mac Lir (chaotic). You were in the Gnomish Mines, on level 4. You entered the dungeon 2726 turns ago. You had 279 experience points, 41 more were needed to attain level 6. Your score was 1422 before end-of-game adjustments. Basics: You had 0 out of 36 hit points. You had all 24 energy points (spell power). Your armor class was 3. Your wallet contained 86 zorkmids. Autopickup was on for '$"?+!=/' plus thrown, with exceptions. Final Characteristics: Your strength was 15 (limit:18/100). Your dexterity was 11 (limit:18). Your constitution was 13 (limit:18). Your intelligence was 8 (limit:18). Your wisdom was 14 (limit:18). Your charisma was 18 (limit:18). Final Status: You were not hungry. You were burdened; movement was slightly slowed. You were wielding a long sword. You had basic skill with long sword. Final Attributes: You were piously aligned. You could jump. You were warded. You are dead. Miscellaneous: You never encountered a bones level. Total elapsed playing time was 28 minutes and 24 seconds. Major events: Turn 1: UmberConductor the lawful female human Knight entered the dungeon 1023: attained the rank of Esquire (level 3) 1997: entered the Gnomish Mines 2726: killed by a giant ant Vanquished creatures: a pony 4 gnome leaders 2 giant ants a homunculus a rothe a giant bat 2 iguanas a gas spore 2 large kobolds 2 hobgoblins a yellow mold a red mold 12 gnomes 2 garter snakes 4 jackals 2 kobolds 3 goblins 8 grid bugs 7 lichens a kobold zombie 4 newts 62 creatures vanquished. No species were genocided or became extinct. Voluntary challenges: You were illiterate. You never engraved Elbereth. You never genocided any monsters. You never polymorphed an object. You never changed form. You used no wishes. Achievements: You attained the rank of Esquire. You entered the Gnomish Mines. The Dungeons of Doom: levels 1 to 5 Level 1: Level 2: A fountain, a sink. Stairs down to The Gnomish Mines. Level 3: Level 4: A fountain. Level 5: A fountain. The Gnomish Mines: levels 3 to 4 Level 3: Level 4: <- You were here. Final resting place for you, killed by a giant ant. Game over: ---------- / \ / REST \ / IN \ / PEACE \ / \ | UmberConductor | | 86 Au | | killed by a | | giant ant | | | | | | 2023 | *| * * * | * _________)/\\_//(\/(/\)/\//\/|_)_______ Fare thee well UmberConductor the Knight... You died in The Gnomish Mines on dungeon level 4 with 1414 points, and 86 pieces of gold, after 2726 moves. You were level 5 with a maximum of 36 hit points when you died.